 Dungeon Crawl Stone Soup version 0.31-a0-716-gc7603755dd (webtiles) character file.

Game seed: 10805512425412764930

1192 Zonian the Trooper (level 8, -7/65 (73) HPs)
             Began as an Armataur Fighter on Sept 10, 2023.
             Was a Priest of Cheibriados.
             Killed by divine providence
             ... invoked by Jeremiah
              (13 damage)
             ... on level 6 of the Dungeon.
             The game lasted 00:08:49 (4660 turns).

Zonian the Trooper (Armataur Fighter)               Turns: 4660, Time: 00:08:50

HP:   -7/65 (73)    AC:  7    Str: 30    XL:     8   Next: 20%
MP:   10/10         EV: 13    Int: 16    God:    Cheibriados [***...]
Gold: 275           SH:  5    Dex: 17    Spells: 7/7 levels left

rFire   . . .        a - +0 war axe (heavy)
rCold   . . .        c - +0 buckler
rNeg    . . .        b - +0 scale mail
rPois   .            (no helmet)
rElec   .            (no cloak)
rCorr   .            (no gloves)
SInv    .            (no barding)
Will    +....        g - amulet of regeneration Stlth
                     k - ring of willpower
HPRegen 1.10/turn    s - +5 ring of evasion
MPRegen 0.12/turn

%: roll
@: heavily drained, very slow
A: large, rugged brown scales 3, deformed body, armoured tail, roll, long
tongue, awkward tongue
a: Renounce Religion, Bend Time, Temporal Distortion


You were on level 6 of the Dungeon.
You worshipped Cheibriados.
Cheibriados was most pleased with you.
You visited 1 branch of the dungeon, and saw 6 of its levels.

You collected 275 gold pieces.

Inventory:

Hand Weapons
 a - a +0 heavy war axe (weapon)
 t - a +2 quarterstaff of pain
Armour
 b - a +0 scale mail (worn)
 c - a +0 buckler (worn)
Jewellery
 f - an amulet of magic regeneration
 g - an amulet of regeneration (around neck)
 k - a ring of willpower (left hand)
 p - a +6 ring of intelligence
 s - a +5 ring of evasion (right hand)
 x - an amulet of reflection
Wands
 j - a wand of paralysis (13)
 m - a wand of digging (7)
Scrolls
 i - 2 scrolls of immolation
 l - a scroll of enchant weapon {unknown}
 q - a scroll of blinking {unknown}
 u - a scroll of fog
 v - 2 scrolls of brand weapon
Potions
 d - a potion of might
 e - a potion of cancellation
 n - 2 potions of enlightenment
 o - 2 potions of ambrosia {unknown}
 r - a potion of attraction {unknown}
 w - a potion of degeneration {unknown}


   Skills:
 + Level 5.5 Fighting
 + Level 4.6 Axes
 - Level 5.4 Armour
 - Level 4.9 Shields
 + Level 3.7 Invocations


You had 7 spell levels left.
You didn't know any spells.
Your spell library contained the following spells:

 Spells                   Type           Power      Damage    Failure   Level
 Cigotuvi's Dreadful Rot  Necr/Pois/Air  0%         N/A       65%         2
 Inner Flame              Hex/Fire       0%         N/A       86%         3
 Dispel Undead            Necr           0%         3d6       99%         4
 Flame Wave               Conj/Fire      0%         2d4       99%         4
 Sticky Flame             Conj/Fire      0%         2d3       99%         4
 Death Channel            Necr           0%         N/A       100%        6


Dungeon Overview and Level Annotations

Branches:
Dungeon (6/15)
 Temple: D:4-7

Altars:
Cheibriados
Fedhas
Gozag
Qazlal
Ru
Sif Muna
Vehumet
Wu Jian
Xom
Yredelemnul

Shops:
D:1 (   D:2 :

Annotations:
D:6 Jeremiah


Innate Abilities, Weirdness & Mutations

You are completely covered in rugged brown scales. (AC +3, +7% HP)
Armour fits poorly on your strangely shaped body.
You have a long armoured tail.
You roll when moving toward enemies. (Rampage)
Your long tongue fully drains potion bottles. (2x potion effects)
Your tongue gives you trouble enunciating. (1.5x scroll delay)


Message History

Jeremiah closely misses you.
You hit the butterfly.
You kill the butterfly!
The butterfly disappears in a burst of colours!
Jeremiah zaps a wand.
The bolt of dispelling energy hits the butterfly!
The butterfly dies!
The butterfly disappears in a burst of colours!
The bolt of dispelling energy misses you.
You roll towards Jeremiah!
You barely miss Jeremiah.
You tail-slap Jeremiah, but do no damage.
Jeremiah is moderately wounded.
You miss the butterfly.
Jeremiah zaps a wand.
The bolt of dispelling energy hits you!
The bolt of dispelling energy hits the butterfly!
The butterfly dies!
The butterfly disappears in a burst of colours!
Jeremiah zaps a wand.
The bolt of dispelling energy hits you!
* * * LOW HITPOINT WARNING * * *
The bolt of dispelling energy hits the butterfly!
The butterfly dies!
The butterfly disappears in a burst of colours!
Okay, then.
Aiming: Paralyse
Press: ? - help, Shift-Dir - straight line, f/p - Jeremiah
Aim: Jeremiah, wielding a +4 trident of draining, wearing a +0 robe, wearing an orb of energy and carrying a wand of quicksilver (moderately wounded, chance to affect: 31%) Jeremiah easily resists.
Jeremiah hits you with a +4 trident of draining.
* * * LOW HITPOINT WARNING * * *
You feel drained.
* * * LOW HITPOINT WARNING * * *
Unknown command.
As you slowly read the scroll labelled QOYPLI KAS KAA, it crumbles to dust.
It is a scroll of brand weapon.
Your +0 war axe becomes incredibly heavy!
a - a +0 heavy war axe (weapon)
Jeremiah throws their arms up pleadingly.
Something smites you!
You die...
Jeremiah asks, "What happened?
Did... did you die?" ####### #.bbbF#

#.###@#
#########...#b#
#.F.........#.#
#.#######...#.# #.#
... #.# ....#.#.#b#
#.# .... #.#
#........# #.# ....
#.#
##.....####F#.#.b...
#.# #...)..# °#.#bb.
#b# #.#.#.## ....


You could see Jeremiah.

Vanquished Creatures
  Sigmund (D:4)
  3 black bears (D:5)
  2 ogres (D:5)
  2 scorpions
  A howler monkey (D:5)
  2 orc priests
  5 hounds
  An iguana (D:5)
  Ijyb (D:5)
  An orc wizard (D:5)
  Robin (D:2)
  3 adders
  A white imp (D:5)
  A worm (D:2)
  A dart slug (D:2)
  14 orcs
  5 ball pythons
  3 bats
  3 endoplasms
  4 giant cockroaches
  18 goblins
  7 hobgoblins
  3 jackals (D:4)
  8 kobolds
  2 quokkas
  4 frilled lizards
  5 rats
102 creatures vanquished.

Notes
Turn   | Place    | Note
-------+----------+-------------------------------------------
     0 | D:1      | Zonian the Armataur Fighter began the quest for the Orb.
     0 | D:1      | Reached XP level 1. HP: 19/19 MP: 1/1
   243 | D:1      | Reached XP level 2. HP: 26/26 MP: 2/2
   539 | D:1      | Found Tavviddo's Weapon Shop.
   835 | D:2      | Reached XP level 3. HP: 11/33 MP: 3/3
  1326 | D:2      | Found Tanuaq's Book Emporium.
  1425 | D:2      | Found a faded altar of an unknown god.
  1450 | D:2      | Prayed at the altar of an unknown god.
  1450 | D:2      | Became a worshipper of Cheibriados the Contemplative
  1450 | D:2      | Reached * piety under Cheibriados
  1650 | D:2      | Noticed Robin
  1663 | D:2      | Killed Robin
  1664 | D:2      | Reached XP level 4. HP: 32/40 MP: 4/4
  1862 | D:3      | Reached ** piety under Cheibriados
  1955 | D:3      | Found a blossoming altar of Fedhas.
  2076 | D:3      | Found a stormy altar of Qazlal.
  2304 | D:3      | Found a shimmering altar of Xom.
  2369 | D:3      | Found an opulent altar of Gozag.
  2369 | D:3      | Found a shimmering blue altar of Sif Muna.
  2372 | D:3      | Found a snail-covered altar of Cheibriados.
  2373 | D:3      | Found a sacrificial altar of Ru.
  2374 | D:3      | Found a radiant altar of Vehumet.
  2712 | D:4      | Reached XP level 5. HP: 4/48 MP: 5/5
  3069 | D:4      | Identified a scroll of acquirement
  3069 | D:4      | Acquired an amulet of regeneration
  3206 | D:4      | Noticed Sigmund
  3220 | D:4      | Killed Sigmund
  3221 | D:4      | Reached skill level 5 in Armour
  3221 | D:4      | Reached XP level 6. HP: 50/55 MP: 2/6
  3393 | D:5      | Entered Level 5 of the Dungeon
  3422 | D:5      | Reached *** piety under Cheibriados
  3423 | D:5      | Reached skill level 1 in Invocations
  3436 | D:5      | Reached XP level 7. HP: 15/64 MP: 3/8
  3446 | D:5      | HP: 3/64 [ogre/+0 giant club (25)]
  3556 | D:5      | Reached skill level 5 in Fighting
  3711 | D:5      | Noticed Ijyb
  3926 | D:5      | Killed Ijyb
  4004 | D:5      | Reached XP level 8. HP: 72/72 MP: 10/10
  4069 | D:5      | Found a basalt altar of Yredelemnul.
  4484 | D:6      | Found an ornate altar of the Wu Jian Council.
  4590 | D:6      | Noticed Jeremiah
  4660 | D:6      | Killed from afar by Jeremiah

Illustrated notes

Levels and vault maps discovered:
D:1:      dpeg_arrival_rooms_c, layout_loops_corners, serial_shops, shop,
          kennysheep_boxes
D:2:      layout_loops_cross, serial_shops, nicolae_shop_tiny_glass,
          shapermc_ecumenical_altar_mp_highgroup, uniq_robin
D:3:      layout_rooms, mainiacjoe_overflow_concentric_impassable, minitemple,
          mainiacjoe_overflow_paths
D:4:      layout_basic, st_stairs_8, uniq_sigmund
D:5:      layout_basic, kennysheep_mini_moat, uniq_ijyb
D:6:      due_chaos_kobolds, layout_basic, pdpol_wu_jian_five_deadly_venoms,
          minmay_temple_entry_overgrown, kennysheep_cluttered_room,
          uniq_jeremiah

Skill      XL: |  1  2  3  4  5  6  7 |
---------------+----------------------+-----
Armour         | 4 5 |  5.4
Fighting       | 3 4 5 |  5.5
Axes           | 2 3 4 |  4.6
Shields        | 4 |  4.9
Invocations    | 1 3 |  3.7

Action                     |  1- 3 |  4- 6 |  7- 9 || total
---------------------------+-------+-------+-------++-------
  Melee: War axe           |   104 |    99 |    81 ||   284
         Tailslap          |    11 |    13 |    18 ||    42
 Invoke: Bend Time         |       |     2 |     1 ||     3
  Evoke: Wand              |       |       |     3 ||     3
    Use: Scroll            |       |    10 |     2 ||    12
         Potion            |       |       |     1 ||     1
 Armour: Scale mail        |    95 |    72 |    58 ||   225
  Dodge: Dodged            |    33 |    51 |    46 ||   130
  Block: Buckler           |    22 |    26 |    21 ||    69

Table legend: (Time is in decaauts)
 A = Elapsed time spent in this place.
 B = Non-inter-level travel time spent in this place.
 C = Inter-level travel time spent in this place.
 D = Time resting spent in this place.
 E = Time spent auto-exploring this place.
 F = Levels seen in this place.
 G = Mean time per level.
                   A        B        C        D        E       F      G
               +--------+--------+--------+--------+--------+-----+--------+
         Total |   5869 |   5734 |    135 |   1140 |   3580 |   6 |  978.2 |
       Dungeon |   5869 |   5734 |    135 |   1140 |   3580 |   6 |  978.2 |
               +--------+--------+--------+--------+--------+-----+--------+

Top non-repeatable levels by time:
     D:4: 1460 daAuts
     D:5: 1235 daAuts
     D:2: 1199 daAuts
     D:1: 846 daAuts
     D:3: 795 daAuts
     D:6: 332 daAuts
